[Event "45th FIDE Olympiad 2024"]
[Site "Budapest"]
[Date "2024.09.14"]
[Round "4.186"]
[White "Baburin, Alexander"]
[Black "Ben Ammar, Mohamed"]
[Result "1-0"]
[ECO "E11"]
[WhiteElo "2376"]
[BlackElo "2143"]
[PlyCount "115"]
[EventDate "2024.09.05"]
[EventType "team-tourn"]
[EventCountry "HUN"]
[WhiteTeam "Ireland"]
[BlackTeam "Tunisia"]
[WhiteTeamCountry "IRL"]
[BlackTeamCountry "TUN"]
[TimeControl "40/5400+30:1800+30"]

1. d4 Nf6 2. Nf3 e6 3. c4 Bb4+ 4. Bd2 Be7 5. Nc3 d5 6. Qc2 O-O 7. e3 a6 8. Rc1 dxc4 9. Bxc4 c5 10. dxc5 Bxc5 11. O-O Nc6 12. Rfd1 Qe7 13. Ne4 Nxe4 14. Qxe4 Bd7 15. Bc3 Rad8 16. Qg4 f5 17. Qg5 Bc8 18. Rxd8 Nxd8 19. Qxe7 Bxe7 20. Ne5 Nf7 21. Bb3 Bf6 22. Nxf7 Kxf7 23. Bxf6 Kxf6 24. Rc7 e5 25. h4 f4 26. Bd5 fxe3 27. fxe3 b5 28. b4 h5 29. e4 Kg6 30. a3 Bg4 31. Rc6+ Rf6 32. Rxf6+ gxf6 33. Bb7 Bd7 34. Bxa6 Bc6 35. Kf2 f5 36. g3 fxe4 37. Ke3 Kf6 38. Bc8 Ke7 39. Bf5 Kf6 40. Bh3 Ke7 41. Bf1 Kf6 42. Be2 Kg6 43. Bd1 Kh6 44. Be2 Kg6 45. g4 hxg4 46. Bxg4 Kf6 47. Bh3 Kg6 48. Bg2 Kh5 49. Bxe4 Be8 50. Bd5 Kxh4 51. Ke4 Kg3 52. Kxe5 Kf2 53. Kd6 Ke3 54. Bc6 Bh5 55. Kc5 Kd3 56. Bxb5+ Kc3 57. a4 Bf3 58. a5 1-0

[Event "45th FIDE Olympiad 2024"]
[Site "Budapest"]
[Date "2024.09.14"]
[Round "4.187"]
[White "Taieb, Sahbi"]
[Black "O`Gorman, Tom"]
[Result "0-1"]
[ECO "C50"]
[WhiteElo "2118"]
[BlackElo "2353"]
[PlyCount "106"]
[EventDate "2024.09.05"]
[EventType "team-tourn"]
[EventCountry "HUN"]
[WhiteTeam "Tunisia"]
[BlackTeam "Ireland"]
[WhiteTeamCountry "TUN"]
[BlackTeamCountry "IRL"]
[TimeControl "40/5400+30:1800+30"]

1. e4 e5 2. Nf3 Nc6 3. Bc4 Bc5 4. d3 Nf6 5. Nc3 O-O 6. Be3 Bxe3 7. fxe3 d6 8. O-O Na5 9. Bb3 Nxb3 10. axb3 Re8 11. Qe1 c6 12. Nh4 d5 13. exd5 cxd5 14. Nf5 d4 15. Ne4 Bxf5 16. Rxf5 Nxe4 17. dxe4 Qb6 18. Qa5 Qc6 19. exd4 Qxe4 20. Raf1 Qxd4+ 21. Kh1 f6 22. c3 Qd7 23. Qc5 a6 24. Qc4+ Qe6 25. Qe4 Rad8 26. h4 Rd7 27. h5 Rf8 28. Qh4 Rdf7 29. h6 g6 30. R5f2 f5 31. Rd2 Qe7 32. Qxe7 Rxe7 33. Rfd1 Kf7 34. Kg1 Kf6 35. Kf2 Rff7 36. Rd5 Kg5 37. Re1 e4 38. Rh1 Rd7 39. c4 Rxd5 40. cxd5 Rd7 41. Rd1 Kf4 42. Rc1 Ke5 43. Rc5 Kd6 44. Rc8 Kxd5 45. Ke3 Ke5 46. Rg8 f4+ 47. Ke2 Kf6 48. b4 Rc7 49. Kd2 e3+ 50. Kd1 Rd7+ 51. Ke1 Rd2 52. Rf8+ Kg5 53. Kf1 Rf2+ {0-} 0-1

[Event "45th FIDE Olympiad 2024"]
[Site "Budapest"]
[Date "2024.09.14"]
[Round "4.188"]
[White "Fitzsimons, David"]
[Black "Amdouni, Zoubaier"]
[Result "0-1"]
[ECO "B31"]
[WhiteElo "2315"]
[BlackElo "2151"]
[PlyCount "130"]
[EventDate "2024.09.05"]
[EventType "team-tourn"]
[EventCountry "HUN"]
[WhiteTeam "Ireland"]
[BlackTeam "Tunisia"]
[WhiteTeamCountry "IRL"]
[BlackTeamCountry "TUN"]
[TimeControl "40/5400+30:1800+30"]

1. e4 c5 2. Nf3 Nc6 3. Bb5 g6 4. O-O Bg7 5. Nc3 Nf6 6. e5 Ng4 7. Bxc6 dxc6 8. Re1 Qc7 9. Qe2 O-O 10. d3 Nh6 11. Ne4 b6 12. Bf4 Bg4 13. Qd2 Bxf3 14. e6 Qc8 15. Bxh6 Bxe4 16. Rxe4 f5 17. Re2 Rf6 18. Rae1 Bxh6 19. Qxh6 f4 20. f3 Qf8 21. Qh4 Qg7 22. Re5 Raf8 23. R1e4 Rf5 24. Rxf5 Rxf5 25. c3 Qf6 26. Qe1 Rd5 27. Qd2 g5 28. h3 Qf5 29. Qc2 b5 30. a4 a6 31. axb5 axb5 32. Qe2 Kg7 33. c4 bxc4 34. dxc4 Rd4 35. Rxd4 cxd4 36. b4 Kf6 37. Qb2 Qd3 38. b5 cxb5 39. cxb5 Qc3 40. Qb1 d3 41. Kh2 d2 42. Qxh7 Kxe6 43. Qg8+ Kd7 44. Qd5+ Kc7 45. h4 gxh4 46. Kh3 Qc2 47. Qe5+ Kb6 48. Qb8+ Ka5 49. Qa7+ Kxb5 50. Qb7+ Kc4 51. Qc6+ Kd3 52. Qe4+ Kc3 53. Qe5+ Kb3 54. Qb5+ Ka2 55. Qa5+ Kb1 56. Qb4+ Qb2 57. Qe4+ Kc1 58. Qc4+ Qc2 59. Qxf4 e5 60. Qxe5 d1=Q 61. Qa1+ Kd2 62. Qd4+ Ke2 63. Qe5+ Kf1 64. Qg5 Qdd2 65. Qb5+ Qe2 {0-} 0-1

[Event "45th FIDE Olympiad 2024"]
[Site "Budapest"]
[Date "2024.09.14"]
[Round "4.189"]
[White "Ferreira, Jorge Viterbo"]
[Black "Gurner, Jem"]
[Result "1-0"]
[ECO "B52"]
[WhiteElo "2535"]
[BlackElo "2091"]
[PlyCount "107"]
[EventDate "2024.09.05"]
[EventType "team-tourn"]
[EventCountry "HUN"]
[WhiteTeam "Portugal"]
[BlackTeam "Jersey"]
[WhiteTeamCountry "POR"]
[BlackTeamCountry "JCI"]
[TimeControl "40/5400+30:1800+30"]

1. e4 c5 2. Nf3 d6 3. Bb5+ Bd7 4. Bxd7+ Qxd7 5. O-O Nc6 6. Re1 e6 7. d4 cxd4 8. Nxd4 Nf6 9. c4 Be7 10. Nc3 O-O 11. b3 a6 12. a4 Rfd8 13. Bb2 Qc7 14. Nf3 Nd7 15. Rb1 Bf6 16. h3 Qa5 17. Re3 Nc5 18. Ne2 Bxb2 19. Rxb2 Nb4 20. Nc3 Rd7 21. Qd2 Qb6 22. Nh2 Rad8 23. Rg3 f6 24. Ng4 Kh8 25. Ne3 a5 26. Qd1 Qc6 27. Qb1 Ncd3 28. Rd2 Nf4 29. Rg4 Ng6 30. Nc2 Ne5 31. Rg3 Nxc2 32. Qxc2 Qc5 33. Qd1 Nc6 34. Kh2 Qe5 35. Qg4 Re8 36. f4 Qc5 37. Nb5 Ree7 38. Qd1 f5 39. Nxd6 fxe4 40. Nf7+ Rxf7 41. Rxd7 Qf5 42. Rxf7 Qxf7 43. Qd6 h5 44. Kg1 Ne7 45. Qb8+ Kh7 46. Qe5 Nf5 47. Qxe4 Qf6 48. Re3 h4 49. Kh2 Kh6 50. Re1 Qc3 51. Qxe6+ g6 52. Qe5 Qg3+ 53. Kh1 Ng7 54. Qg5+ 1-0

[Event "45th FIDE Olympiad 2024"]
[Site "Budapest"]
[Date "2024.09.14"]
[Round "4.190"]
[White "Belzo, Krzysztof"]
[Black "Pereira, Ruben"]
[Result "0-1"]
[ECO "D02"]
[WhiteElo "2076"]
[BlackElo "2457"]
[PlyCount "62"]
[EventDate "2024.09.05"]
[EventType "team-tourn"]
[EventCountry "HUN"]
[WhiteTeam "Jersey"]
[BlackTeam "Portugal"]
[WhiteTeamCountry "JCI"]
[BlackTeamCountry "POR"]
[TimeControl "40/5400+30:1800+30"]

1. d4 e6 2. Nf3 Nf6 3. g3 d5 4. Bg2 Be7 5. O-O Ne4 6. c4 f5 7. Ne5 Nd7 8. Nxd7 Bxd7 9. Qb3 Bc6 10. Nd2 a5 11. Nf3 dxc4 12. Qxc4 Bd5 13. Qd3 O-O 14. Bf4 c5 15. b3 a4 16. Be3 Bf6 17. Rab1 b5 18. Ne5 Qd6 19. f3 cxd4 20. fxe4 fxe4 21. Bxe4 Bxe4 22. Qxe4 Qxe5 23. Qxe5 Bxe5 24. Bf4 Bf6 25. bxa4 Rxa4 26. Rxb5 Rxa2 27. Rf2 d3 28. Kg2 dxe2 29. Rb1 Bd4 30. Re1 Bxf2 31. Kxf2 e5 {0-} 0-1

[Event "45th FIDE Olympiad 2024"]
[Site "Budapest"]
[Date "2024.09.14"]
[Round "4.191"]
[White "Sousa, Andre Ventura"]
[Black "Mooney, Graham"]
[Result "1-0"]
[ECO "B50"]
[WhiteElo "2403"]
[BlackElo "1935"]
[PlyCount "75"]
[EventDate "2024.09.05"]
[EventType "team-tourn"]
[EventCountry "HUN"]
[WhiteTeam "Portugal"]
[BlackTeam "Jersey"]
[WhiteTeamCountry "POR"]
[BlackTeamCountry "JCI"]
[TimeControl "40/5400+30:1800+30"]

1. e4 c5 2. Nf3 d6 3. c3 Nf6 4. Be2 Nc6 5. d4 cxd4 6. cxd4 Nxe4 7. d5 Qa5+ 8. Nc3 Nxc3 9. bxc3 Ne5 10. Nxe5 dxe5 11. O-O Bd7 12. Rb1 b6 13. c4 g6 14. Bb2 Bg7 15. f4 O-O 16. fxe5 Rad8 17. Qb3 Qd2 18. Rf2 Qg5 19. Qc3 Bf5 20. Rbf1 Bg4 21. Bxg4 Qxg4 22. h3 Qc8 23. Qd4 f5 24. Ba3 Rfe8 25. Kh1 e6 26. d6 Rd7 27. Rc1 Qa6 28. Bb2 Red8 29. c5 bxc5 30. Qxc5 Qxa2 31. Bc3 Qd5 32. Qe3 Rc8 33. Rfc2 Rc4 34. Qe2 Rc8 35. Bb2 Rxc2 36. Qxc2 Qb7 37. Ba1 Kf7 38. Qa4 1-0

[Event "45th FIDE Olympiad 2024"]
[Site "Budapest"]
[Date "2024.09.14"]
[Round "4.192"]
[White "Forbes, Garry"]
[Black "Barria Santos, Jose Guilherme"]
[Result "0-1"]
[ECO "A20"]
[WhiteElo "1858"]
[BlackElo "2411"]
[PlyCount "92"]
[EventDate "2024.09.05"]
[EventType "team-tourn"]
[EventCountry "HUN"]
[WhiteTeam "Jersey"]
[BlackTeam "Portugal"]
[BlackTeamCountry "POR"]
[TimeControl "40/5400+30:1800+30"]

1. c4 Nf6 2. g3 e5 3. Bg2 c6 4. Nf3 e4 5. Ng5 d5 6. cxd5 cxd5 7. O-O h6 8. Nh3 Bf5 9. Kh1 Qd7 10. Ng1 Nc6 11. d3 Bd6 12. dxe4 dxe4 13. Nc3 Qe6 14. Nb5 Be5 15. Bf4 Rd8 16. Qc1 Rc8 17. Bxe5 Qxe5 18. a4 a6 19. Nc3 O-O 20. Qf4 Qxf4 21. gxf4 Na5 22. e3 Nc4 23. Nge2 Rfe8 24. h3 Rc7 25. b4 Nb2 26. Kg1 g6 27. Rfb1 Nd3 28. b5 a5 29. b6 Rc5 30. Rb5 Rec8 31. Rxc5 Rxc5 32. Rb1 Kf8 33. Rb5 Bd7 34. Rxc5 Nxc5 35. Ng3 Bc6 36. Kf1 Ke7 37. Ke2 Nxa4 38. Nxa4 Bxa4 39. Nxe4 Bc6 40. f3 Nxe4 41. fxe4 Kd6 42. e5+ Kc5 43. Bxc6 Kxc6 44. e4 Kxb6 45. f5 gxf5 46. exf5 Kc6 {0-} 0-1

[Event "45th FIDE Olympiad 2024"]
[Site "Budapest"]
[Date "2024.09.14"]
[Round "4.193"]
[White "Keinanen, Toivo"]
[Black "Wu, Li"]
[Result "1/2-1/2"]
[ECO "A13"]
[WhiteElo "2554"]
[BlackElo "2325"]
[PlyCount "103"]
[EventDate "2024.09.05"]
[EventType "team-tourn"]
[EventCountry "HUN"]
[WhiteTeam "Finland"]
[BlackTeam "Isle of Man"]
[WhiteTeamCountry "FIN"]
[BlackTeamCountry "IOM"]
[TimeControl "40/5400+30:1800+30"]

1. c4 e6 2. g3 d5 3. Bg2 d4 4. d3 c5 5. e3 Nc6 6. f4 Qa5+ 7. Bd2 Qb6 8. Qb3 Bd6 9. Na3 Qxb3 10. axb3 dxe3 11. Bxe3 Nge7 12. Nb5 Kd7 13. Nf3 f6 14. O-O Nf5 15. Bf2 Rd8 16. Rfd1 a6 17. Nxd6 Kxd6 18. Nd2 Nfd4 19. Ne4+ Kc7 20. Nxc5 b6 21. Na4 Bb7 22. Re1 Rd6 23. c5 bxc5 24. Nxc5 e5 25. Rac1 Rc8 26. fxe5 fxe5 27. Bxd4 exd4 28. Nxb7 Kxb7 29. Re7+ Rc7 30. Rxc6 Rdxc6 31. Bxc6+ Kxc6 32. Rxc7+ Kxc7 33. Kf2 Kc6 34. Kf3 Kc5 35. Ke4 a5 36. Ke5 Kb4 37. Kxd4 Kxb3 38. Kc5 Kxb2 39. d4 a4 40. d5 a3 41. d6 a2 42. d7 a1=Q 43. d8=Q Qc1+ 44. Kd6 Qd2+ 45. Ke7 Qxh2 46. Qd4+ Kc2 47. Qxg7 Kd3 48. Qg5 Ke2 49. Kf7 Kf3 50. Kg7 Qxg3 51. Qxg3+ Kxg3 52. Kxh7 1/2-1/2

[Event "45th FIDE Olympiad 2024"]
[Site "Budapest"]
[Date "2024.09.14"]
[Round "4.194"]
[White "Fabri, Henrik"]
[Black "Sipila, Vilka"]
[Result "0-1"]
[ECO "B22"]
[WhiteElo "1936"]
[BlackElo "2462"]
[PlyCount "58"]
[EventDate "2024.09.05"]
[EventType "team-tourn"]
[EventCountry "HUN"]
[WhiteTeam "Isle of Man"]
[BlackTeam "Finland"]
[WhiteTeamCountry "IOM"]
[BlackTeamCountry "FIN"]
[TimeControl "40/5400+30:1800+30"]

1. e4 c5 2. c3 d5 3. exd5 Qxd5 4. d4 Nc6 5. Nf3 Nf6 6. Be2 cxd4 7. cxd4 e6 8. O-O Be7 9. Nc3 Qd6 10. a3 O-O 11. Re1 b6 12. h3 Bb7 13. Be3 Rac8 14. Rc1 Rfd8 15. b4 Bf8 16. Qd2 Qb8 17. Bf4 Qa8 18. Bf1 Ne7 19. Ne5 Nf5 20. Be3 a5 21. Rb1 Ne4 22. Nxe4 Bxe4 23. Rb2 Bd5 24. bxa5 Qxa5 25. Qxa5 bxa5 26. Ra1 Rc3 27. a4 Nxe3 28. fxe3 Rxe3 29. Rc1 Ba3 {0-} 0-1

[Event "45th FIDE Olympiad 2024"]
[Site "Budapest"]
[Date "2024.09.14"]
[Round "4.195"]
[White "Agopov, Mikael"]
[Black "Gumireddy, Sanjay"]
[Result "1-0"]
[ECO "B01"]
[WhiteElo "2451"]
[BlackElo "1907"]
[PlyCount "51"]
[EventDate "2024.09.05"]
[EventType "team-tourn"]
[EventCountry "HUN"]
[WhiteTeam "Finland"]
[BlackTeam "Isle of Man"]
[WhiteTeamCountry "FIN"]
[BlackTeamCountry "IOM"]
[TimeControl "40/5400+30:1800+30"]

1. e4 d5 2. exd5 Nf6 3. d4 Nxd5 4. c4 Nb6 5. Nf3 g6 6. Nc3 Bg7 7. c5 Nd5 8. Bc4 Nxc3 9. bxc3 O-O 10. O-O c6 11. Re1 e6 12. Ng5 b6 13. Ne4 Nd7 14. Bg5 Qc7 15. Be7 Re8 16. Bd6 Qd8 17. Qf3 bxc5 18. dxc5 Ne5 19. Bxe5 Bxe5 20. Rad1 Qe7 21. Nd6 Bxd6 22. cxd6 Qd7 23. h4 Kg7 24. h5 Bb7 25. h6+ Kxh6 26. Qf6 1-0

[Event "45th FIDE Olympiad 2024"]
[Site "Budapest"]
[Date "2024.09.14"]
[Round "4.196"]
[White "Miah, Zahed"]
[Black "Wartiovaara, Oliver"]
[Result "0-1"]
[ECO "D93"]
[WhiteElo "1895"]
[BlackElo "2300"]
[PlyCount "40"]
[EventDate "2024.09.05"]
[EventType "team-tourn"]
[EventCountry "HUN"]
[WhiteTeam "Isle of Man"]
[BlackTeam "Finland"]
[WhiteTeamCountry "IOM"]
[BlackTeamCountry "FIN"]
[TimeControl "40/5400+30:1800+30"]

1. d4 Nf6 2. c4 g6 3. Nc3 d5 4. Nf3 Bg7 5. Bf4 c5 6. e3 cxd4 7. Nxd4 O-O 8. Be2 Ne4 9. Nxe4 dxe4 10. Bg3 Qa5+ 11. Qd2 Qxd2+ 12. Kxd2 e5 13. Nb5 Nc6 14. Rhd1 f5 15. Nc7 Rb8 16. Ke1 f4 17. Bh4 h6 18. f3 fxe3 19. Rd6 Nd4 20. Rc1 Nf5 {0-} 0-1

[Event "45th FIDE Olympiad 2024"]
[Site "Budapest"]
[Date "2024.09.14"]
[Round "4.197"]
[White "Gabriel, Davidson"]
[Black "Miguel, Sergio"]
[Result "0-1"]
[ECO "E18"]
[WhiteElo "2043"]
[BlackElo "2241"]
[PlyCount "124"]
[EventDate "2024.09.05"]
[EventType "team-tourn"]
[EventCountry "HUN"]
[WhiteTeam "Haiti"]
[BlackTeam "Angola"]
[WhiteTeamCountry "HAI"]
[BlackTeamCountry "ANG"]
[TimeControl "40/5400+30:1800+30"]

1. d4 Nf6 2. c4 e6 3. Nf3 b6 4. g3 Bb7 5. Bg2 Be7 6. O-O O-O 7. Nc3 Na6 8. a3 Ne4 9. Nxe4 Bxe4 10. Qa4 Qc8 11. Ne5 Bxg2 12. Kxg2 c5 13. d5 d6 14. Nc6 Bf6 15. e4 Re8 16. Bf4 Bxb2 17. Bxd6 Bxa1 18. Rxa1 exd5 19. exd5 Qd7 20. Bf4 Nb8 21. Bxb8 Rexb8 22. Qb3 Re8 23. Rd1 Re4 24. Qd3 Rae8 25. Rd2 h5 26. h3 Re1 27. Rd1 R1e2 28. Qf3 R2e4 29. Qxh5 g6 30. Qg5 Kg7 31. Qc1 Rh8 32. Rh1 f6 33. a4 Re2 34. Qd1 Ra2 35. Qb3 Re2 36. g4 Rhe8 37. Rd1 f5 38. Qc3+ Kh7 39. Qf3 fxg4 40. hxg4 R2e4 41. Rh1+ Kg8 42. Qh3 Qxg4+ 43. Qxg4 Rxg4+ 44. Kf3 Rxc4 45. Rd1 Rf8+ 46. Kg3 Re4 47. d6 Re6 48. Nxa7 Rd8 49. Nb5 Re4 50. a5 bxa5 51. Rc1 c4 52. f3 Re5 53. Na3 Rc5 54. Rxc4 Rxc4 55. Nxc4 a4 56. Kf4 Rxd6 57. Nxd6 a3 58. Kg5 Kh7 59. Ne4 a2 60. Nf6+ Kg7 61. Ne8+ Kf8 62. Nf6 Kf7 {0-} 0-1

[Event "45th FIDE Olympiad 2024"]
[Site "Budapest"]
[Date "2024.09.14"]
[Round "4.198"]
[White "Sapalo, Gabriel"]
[Black "Etienne, Angelo"]
[Result "0-1"]
[ECO "A38"]
[WhiteElo "2058"]
[BlackElo "2122"]
[PlyCount "123"]
[EventDate "2024.09.05"]
[EventType "team-tourn"]
[EventCountry "HUN"]
[WhiteTeam "Angola"]
[BlackTeam "Haiti"]
[WhiteTeamCountry "ANG"]
[BlackTeamCountry "HAI"]
[TimeControl "40/5400+30:1800+30"]

1. Nf3 Nf6 2. c4 c5 3. g3 Nc6 4. Bg2 g6 5. Nc3 Bg7 6. O-O O-O 7. d3 d6 8. Rb1 Bf5 9. h3 Qc8 10. Kh2 Bd7 11. Bd2 Rd8 12. a3 Ne5 13. Nxe5 dxe5 14. b4 cxb4 15. Rxb4 Bc6 16. f3 Nh5 17. Qc1 f5 18. Rd1 f4 19. g4 Ng3 20. Be1 Qc7 21. Qc2 Rac8 22. e4 h5 23. Bxg3 fxg3+ 24. Kxg3 Bh6 25. Ne2 h4+ 26. Kh2 Rd6 27. Bf1 Rf8 28. Kg2 Qa5 29. Qc3 Rdf6 30. Ng1 Be3 31. Be2 Bd4 32. Qc1 Bc5 33. Qb2 Qc7 34. Rf1 Qd6 35. Qc3 Rf4 36. Bd1 Qf6 37. Rb2 Qg5 38. Ra2 b6 39. Qe1 R4f6 40. f4 Rxf4 41. Nf3 Qf6 42. g5 Qd6 43. Be2 Bd7 44. Nxh4 Bf2 45. Rxf2 Rxf2+ 46. Qxf2 Bxh3+ 47. Kg3 Rxf2 48. Kxf2 Kg7 49. Kg3 Be6 50. Nf3 Qc5 51. a4 Qe3 52. Rc2 Bd7 53. Ra2 a5 54. Bf1 Qc1 55. Be2 Qb1 56. Rd2 Bxa4 57. d4 Qxe4 58. dxe5 Bc6 59. Kf2 a4 60. Rd4 Qf5 61. Ke3 a3 62. Rf4 {0-} 0-1

[Event "45th FIDE Olympiad 2024"]
[Site "Budapest"]
[Date "2024.09.14"]
[Round "4.199"]
[White "Victor, Wyclef"]
[Black "Silva, David"]
[Result "0-1"]
[ECO "E90"]
[WhiteElo "1924"]
[BlackElo "2363"]
[PlyCount "50"]
[EventDate "2024.09.05"]
[EventType "team-tourn"]
[EventCountry "HUN"]
[WhiteTeam "Haiti"]
[BlackTeam "Angola"]
[WhiteTeamCountry "HAI"]
[BlackTeamCountry "ANG"]
[TimeControl "40/5400+30:1800+30"]

1. d4 Nf6 2. c4 g6 3. Nf3 Bg7 4. Nc3 O-O 5. e4 d6 6. Bd3 Bg4 7. Be3 Nc6 8. h3 Bxf3 9. Qxf3 Nd7 10. Ne2 Nde5 11. dxe5 Nxe5 12. Qg3 Nxd3+ 13. Kf1 Nxb2 14. Rc1 Qd7 15. h4 Nd3 16. Rd1 Ne5 17. h5 Qg4 18. hxg6 fxg6 19. Qh2 h5 20. Ke1 Qxe4 21. Ng3 Qxc4 22. Nxh5 gxh5 23. Qxh5 Nd3+ 24. Kd2 Bc3+ 25. Kc2 Nb4+ {0-} 0-1

[Event "45th FIDE Olympiad 2024"]
[Site "Budapest"]
[Date "2024.09.14"]
[Round "4.200"]
[White "Domingos, Catarino"]
[Black "Volcimus, Ritchy David"]
[Result "1-0"]
[ECO "A12"]
[WhiteElo "2229"]
[BlackElo "1948"]
[PlyCount "59"]
[EventDate "2024.09.05"]
[EventType "team-tourn"]
[EventCountry "HUN"]
[WhiteTeam "Angola"]
[BlackTeam "Haiti"]
[WhiteTeamCountry "ANG"]
[BlackTeamCountry "HAI"]
[TimeControl "40/5400+30:1800+30"]

1. Nf3 Nf6 2. g3 d5 3. Bg2 Bf5 4. O-O e6 5. c4 c6 6. b3 Be7 7. Bb2 O-O 8. d3 h6 9. Nbd2 a5 10. Re1 Qb6 11. h3 Rd8 12. cxd5 cxd5 13. Bd4 Qa6 14. Ne5 Nbd7 15. Qc2 Bd6 16. Ndf3 Rdc8 17. Qb2 Nxe5 18. Nxe5 Rc7 19. Rac1 Rac8 20. Rxc7 Rxc7 21. e4 Bh7 22. exd5 Nxd5 23. Ng4 Bf8 24. Bxd5 exd5 25. Bxg7 f6 26. Bxf8 Kxf8 27. Nxf6 Qxd3 28. Qe5 Qc3 29. Qe8+ Kg7 30. Nh5# 1-0

[Event "45th FIDE Olympiad 2024"]
[Site "Budapest"]
[Date "2024.09.14"]
[Round "4.202"]
[White "Lynch, Kemp"]
[Black "Kawuma, Patrick"]
[Result "0-1"]
[ECO "E01"]
[WhiteElo "1944"]
[BlackElo "2207"]
[PlyCount "60"]
[EventDate "2024.09.05"]
[EventType "team-tourn"]
[EventCountry "HUN"]
[WhiteTeam "Barbados"]
[BlackTeam "Uganda"]
[WhiteTeamCountry "BAR"]
[BlackTeamCountry "UGA"]
[TimeControl "40/5400+30:1800+30"]

1. d4 Nf6 2. c4 e6 3. g3 c5 4. Nf3 cxd4 5. Nxd4 Nc6 6. Nc3 Bc5 7. Nxc6 bxc6 8. Bg2 O-O 9. O-O d5 10. Qc2 Ba6 11. Bg5 Rc8 12. Rad1 Bxc4 13. Qa4 h6 14. Bxf6 Qxf6 15. b3 Qxc3 16. bxc4 Qe5 17. e3 g6 18. Rc1 h5 19. Rc2 Qd6 20. Rfc1 d4 21. exd4 Bxd4 22. c5 Qd7 23. Qa6 e5 24. Rc4 h4 25. gxh4 Qg4 26. Kh1 Qxh4 27. Bxc6 Qxf2 28. R4c2 Qe3 29. Bd5 Kg7 30. Rf1 e4 {0-} 0-1

[Event "45th FIDE Olympiad 2024"]
[Site "Budapest"]
[Date "2024.09.14"]
[Round "4.203"]
[White "Nsubuga, Haruna"]
[Black "Edwards, Emar"]
[Result "1-0"]
[ECO "A28"]
[WhiteElo "2243"]
[BlackElo "1898"]
[PlyCount "91"]
[EventDate "2024.09.05"]
[EventType "team-tourn"]
[EventCountry "HUN"]
[WhiteTeam "Uganda"]
[BlackTeam "Barbados"]
[WhiteTeamCountry "UGA"]
[BlackTeamCountry "BAR"]
[TimeControl "40/5400+30:1800+30"]

1. c4 e5 2. Nc3 Nf6 3. Nf3 Nc6 4. d4 exd4 5. Nxd4 Bb4 6. Nxc6 dxc6 7. Qb3 Bd6 8. Bg5 O-O 9. Ne4 Be7 10. Rd1 Nd7 11. Bf4 f5 12. Ng3 Bg5 13. Be5 Qe8 14. h4 Bh6 15. c5+ Kh8 16. Rxd7 Bxd7 17. f4 Qe6 18. Qxb7 Qc4 19. Qxc7 Rad8 20. e3 Qxc5 21. Kf2 Be6 22. b4 Rd2+ 23. Be2 Qxb4 24. Qxc6 Qc4 25. Qxc4 Bxc4 26. Ke1 Rfd8 27. Bxc4 Rxg2 28. Nxf5 Rc8 29. Nd6 Rxc4 30. Nxc4 Rc2 31. Nb2 Kg8 32. Kd1 Rg2 33. a4 Kf7 34. a5 a6 35. h5 Ke6 36. Nd3 Kd5 37. Kc1 Kc4 38. Nb2+ Kb4 39. Bc7 Kb3 40. Be5 Kb4 41. Rd1 Kxa5 42. Rd6 Kb5 43. Bd4 g6 44. Rb6+ Ka5 45. Rb3 gxh5 46. Bb6# 1-0

[Event "45th FIDE Olympiad 2024"]
[Site "Budapest"]
[Date "2024.09.14"]
[Round "4.204"]
[White "Depradine, Lawrence"]
[Black "Nyola, Wasswa Mark"]
[Result "0-1"]
[ECO "A29"]
[WhiteElo "1782"]
[BlackElo "2070"]
[PlyCount "58"]
[EventDate "2024.09.05"]
[EventType "team-tourn"]
[EventCountry "HUN"]
[WhiteTeam "Barbados"]
[BlackTeam "Uganda"]
[WhiteTeamCountry "BAR"]
[BlackTeamCountry "UGA"]
[TimeControl "40/5400+30:1800+30"]

1. c4 e5 2. Nc3 Nf6 3. Nf3 Nc6 4. g3 Bb4 5. Nd5 a5 6. Bg2 O-O 7. O-O Re8 8. d3 h6 9. Bd2 Bxd2 10. Qxd2 d6 11. Rfc1 e4 12. Ne1 Bf5 13. Nc2 exd3 14. Nce3 Ne4 15. Qxd3 Bg6 16. Nf4 Nxf2 17. Qb3 Ne4 18. Qxb7 Nb4 19. Nxg6 Rb8 20. Qa7 Nc6 21. Qa6 Rb6 22. Qxb6 cxb6 23. Nf4 Nf6 24. Nf5 Ne7 25. Nd4 d5 26. c5 bxc5 27. Nb3 c4 28. Nd4 Qb6 29. Rd1 Nf5 {0-} 0-1

[Event "45th FIDE Olympiad 2024"]
[Site "Budapest"]
[Date "2024.09.14"]
[Round "4.205"]
[White "Alrehaili, Ahmed Abdullah S"]
[Black "Dominguez, Jose Manuel"]
[Result "1-0"]
[ECO "B07"]
[WhiteElo "2117"]
[BlackElo "2195"]
[PlyCount "62"]
[EventDate "2024.09.05"]
[EventType "team-tourn"]
[EventCountry "HUN"]
[WhiteTeam "Saudi Arabia"]
[BlackTeam "Dominican Republic"]
[WhiteTeamCountry "SAU"]
[BlackTeamCountry "DOM"]
[TimeControl "40/5400+30:1800+30"]

1. e4 d6 2. d4 Nf6 3. Nc3 c6 4. f4 Qa5 5. Bd3 e5 6. Nf3 Bg4 7. Be3 Nbd7 8. h3 exf4 9. Bxf4 Bh5 10. Qe2 O-O-O 11. Bd2 Re8 12. O-O Qb6 13. Qf2 d5 14. exd5 Bxf3 15. Na4 Qd8 16. Qxf3 Nxd5 17. c4 N5b6 18. Nc3 Nf6 19. Be3 Kb8 20. a4 Nc8 21. a5 a6 22. d5 c5 23. Na4 Qc7 24. b4 cxb4 25. Rfe1 Bd6 26. c5 Be5 27. d6 Qxa5 28. Nb2 Qd8 29. Bxa6 Qd7 30. Bxb7 Qxb7 31. c6 Bxb2 1-0

[Event "45th FIDE Olympiad 2024"]
[Site "Budapest"]
[Date "2024.09.14"]
[Round "4.206"]
[White "Araujo Sanchez, Josue"]
[Black "Al Thebaiti, Ahmed M"]
[Result "1-0"]
[ECO "C54"]
[WhiteElo "2296"]
[BlackElo "1993"]
[PlyCount "125"]
[EventDate "2024.09.05"]
[EventType "team-tourn"]
[EventCountry "HUN"]
[WhiteTeam "Dominican Republic"]
[BlackTeam "Saudi Arabia"]
[WhiteTeamCountry "DOM"]
[BlackTeamCountry "SAU"]
[TimeControl "40/5400+30:1800+30"]

1. e4 e5 2. Nf3 Nc6 3. Bc4 Bc5 4. O-O Nf6 5. d3 O-O 6. Re1 d6 7. c3 h6 8. Nbd2 a6 9. b4 Ba7 10. a4 a5 11. b5 Ne7 12. Nf1 Ng6 13. Ng3 Re8 14. Qb3 Be6 15. Bxe6 Rxe6 16. Bd2 d5 17. exd5 Qxd5 18. Qxd5 Nxd5 19. d4 exd4 20. Rxe6 fxe6 21. cxd4 Bb6 22. Ne4 Kf7 23. Rc1 Ke7 24. g3 Nf6 25. Nc5 Bxc5 26. Rxc5 Nd5 27. Kf1 Kd7 28. Rc2 Nb6 29. Ra2 Kd6 30. Ke2 Kd5 31. h4 h5 32. Rc2 Kd6 33. Ra2 Kd5 34. Be1 Ne7 35. Kd3 Nf5 36. Bd2 Ne7 37. Bf4 c6 38. Nd2 cxb5 39. axb5 a4 40. Ne4 e5 41. Bxe5 g6 42. Bc7 Nec8 43. Re2 Ke6 44. Bf4 Kf5 45. f3 a3 46. Nc3 Kf6 47. Ra2 Ne7 48. Bc1 Nf5 49. Ne4+ Kg7 50. Rxa3 Rc8 51. Ra7 Rxc1 52. Rxb7+ Kf8 53. Rxb6 Rd1+ 54. Ke2 Rb1 55. Rb8+ Ke7 56. Kd3 Rd1+ 57. Nd2 Nxg3 58. b6 Kd7 59. Kc2 Re1 60. Nc4 Re6 61. d5 Rf6 62. Rg8 Rf4 63. Rg7+ 1-0

[Event "45th FIDE Olympiad 2024"]
[Site "Budapest"]
[Date "2024.09.14"]
[Round "4.207"]
[White "Alshnaiber, Yazeed"]
[Black "Camacho Campusano, David Daniel"]
[Result "0-1"]
[ECO "C54"]
[WhiteElo "1889"]
[BlackElo "2219"]
[PlyCount "86"]
[EventDate "2024.09.05"]
[EventType "team-tourn"]
[EventCountry "HUN"]
[WhiteTeam "Saudi Arabia"]
[BlackTeam "Dominican Republic"]
[WhiteTeamCountry "SAU"]
[BlackTeamCountry "DOM"]
[TimeControl "40/5400+30:1800+30"]

1. e4 e5 2. Nf3 Nc6 3. Bc4 Nf6 4. d3 Bc5 5. O-O d6 6. c3 a6 7. Bb3 Ba7 8. Nbd2 O-O 9. h3 Ne7 10. Re1 Ng6 11. Nf1 h6 12. Ng3 Nh7 13. d4 Qf6 14. Nh2 exd4 15. Nf5 Bxf5 16. exf5 Qxf5 17. cxd4 Rae8 18. Rxe8 Rxe8 19. Be3 Nf6 20. Ng4 Nxg4 21. hxg4 Qf6 22. g3 c6 23. g5 hxg5 24. Qh5 Nf8 25. Bxg5 Qg6 26. Qxg6 Nxg6 27. Be3 d5 28. Bc2 Nf8 29. Kg2 Ne6 30. Rd1 g6 31. g4 Kg7 32. b4 Bb8 33. a4 b5 34. axb5 axb5 35. Bd3 Rc8 36. Rc1 Rc7 37. Kf3 g5 38. Ke2 Ba7 39. Bf5 Bxd4 40. Bxe6 Bxe3 41. Kxe3 Re7 42. Kd4 Rxe6 43. Kc5 Re4 {0-} 0-1